 Dungeon Crawl Stone Soup version 0.24-a0-361-g57161393b2 (webtiles) character file.

Game seed: 14127360137626527069

322 HAL9000 the Sneak (level 6, -7/30 HPs)
             Began as a Vine Stalker Assassin on May 26, 2019.
             Shot with an arrow by a centaur (9 damage)
             ... on level 6 of the Dungeon.
             The game lasted 00:06:39 (3008 turns).

HAL9000 the Sneak (Vine Stalker Assassin)           Turns: 3008, Time: 00:06:40

Health: -7/30      AC:  4    Str: 15    XL:     6   Next: 47%
Magic:  0/7        EV: 11    Int: 12    God:
Gold:   81         SH:  0    Dex: 15    Spells: 5/5 levels left

rFire    . . .     SeeInvis .   v - +1 short sword (elec)
rCold    . . .     Gourm    .   (no shield)
rNeg     . . .     Faith    .   b - +0 robe
rPois    +         Spirit   +   (no helmet)
rElec    .         Reflect  .   c - +0 cloak
rCorr    +         Harm     .   l - +0 pair of gloves
MR       .....                  (no boots)
Stlth    +++.......             (no amulet)
HPRegen  0.50/turn              k - ring of poison resistance
MPRegen  0.10/turn              n - ring of resist corrosion

@: no status effects
A: fangs 2, regeneration 1, magic shield, antimagic bite, no potion heal 3, rot
immunity
a: no special abilities


You were on level 6 of the Dungeon.
You were not hungry.

You visited 1 branch of the dungeon, and saw 6 of its levels.

You collected 81 gold pieces.

Inventory:

Hand Weapons
 a - a +2 dagger
 v - a +1 short sword of electrocution (weapon)
Missiles
 d - 24 poisoned darts (quivered)
 e - 2 curare-tipped darts
 g - 4 javelins
Armour
 b - a +0 robe (worn)
 c - a +0 cloak (worn)
 l - a +0 pair of gloves (worn)
Jewellery
 k - a ring of poison resistance (left hand)
 n - a ring of resist corrosion (right hand)
Scrolls
 h - 5 scrolls of teleportation
 i - a scroll of magic mapping {unknown}
 o - 2 scrolls of remove curse {unknown}
 p - 2 scrolls of blinking {unknown}
 r - 3 scrolls of identify {unknown}
 s - a scroll of amnesia {unknown}
Potions
 j - a potion of heal wounds {unknown}
 m - a potion of might {unknown}
 q - a potion of degeneration {unknown}
 t - 2 potions of haste {unknown}
 u - 2 potions of mutation {unknown}
 w - 2 potions of curing {unknown}
 x - a potion of magic {unknown}
Comestibles
 f - 9 rations


   Skills:
 - Level 1.8 Fighting
 + Level 5.3 Short Blades
 - Level 1.8 Throwing
 - Level 0.7 Dodging
 - Level 6.2 Stealth


You had 5 spell levels left.
You didn't know any spells.
Your spell library was empty.

Dungeon Overview and Level Annotations

Branches:
Dungeon (7/15)
 Temple: D:4-7

Altars:
Fedhas
Gozag
Nemelex Xobeh
Uskayaw
The Shining One

Annotations:
D:6 Eustachio


Innate Abilities, Weirdness & Mutations

You have extremely sharp teeth.
Your natural rate of healing is unusually fast.
When hurt, damage is shared between your health and your magic reserves.
Your bite disrupts and absorbs the magic of your enemies.
Potions cannot restore your health.
You are immune to rotting.


Message History

An adder and an ice beast come into view.
The orc closely misses you. The quokka bites you. The ice beast hits you.
The ice beast freezes you.
* * * LOW HITPOINT WARNING * * *
The adder moves out of view.
You hit the ice beast.
Lightning courses through the ice beast!
You bite the ice beast, but do no damage.
The ice beast is severely wounded.
The orc barely misses you.
The centaur wields a +0 shortbow.
The centaur shoots an arrow.
The arrow hits you.
* * * LOW HITPOINT WARNING * * *
The ice beast misses you. The orc barely misses you.
The quokka closely misses you.
The ice beast hits you but does no damage.
The orc hits you with a +0 dagger.
* * * LOW HITPOINT WARNING * * *
The centaur shoots an arrow.
The arrow hits you!
You die...

#####.###o#......#
#..o..#......#
##Z...#......+
#o##.#......#
#Z##........#
###+####o#####.$...#
#......c....##......
#.......o...# .
.......@or..#
########Y#### ....#
+....# #....# #....#
...... .......


You could see an ice beast, a centaur, 5 orcs, a hound zombie, a worker ant
zombie and a quokka.

Vanquished Creatures
  A bullfrog (D:6)
  A hound (D:7)
  2 orc wizards (D:2)
  A worker ant (D:4)
  A gnoll (D:2)
  6 adders
  3 oozes
  An adder skeleton (D:4)
  3 worms (D:2)
  3 dart slugs (D:1)
  A leopard gecko (D:4)
  3 orcs
  3 bats
  2 giant cockroaches (D:1)
  6 goblins
  2 hobgoblins
  5 jackals
  8 kobolds
  2 quokkas
  4 frilled lizards
  7 rats
65 creatures vanquished.

Notes
Turn   | Place    | Note
-------+----------+-------------------------------------------
     0 | D:1      | HAL9000 the Vine Stalker Assassin began the quest for the
                  | Orb.
     0 | D:1      | Reached XP level 1. HP: 11/11 MP: 2/2
   117 | D:1      | Reached skill level 5 in Stealth
   169 | D:1      | Reached XP level 2. HP: 15/15 MP: 3/3
   980 | D:1      | Reached skill level 6 in Stealth
   980 | D:1      | Reached XP level 3. HP: 16/18 MP: 4/4
  1109 | D:2      | Gained mutation: Your natural rate of healing is unusually
                  | fast. [Vine Stalker growth]
  1109 | D:2      | Reached XP level 4. HP: 17/23 MP: 5/5
  1572 | D:2      | Reached XP level 5. HP: 16/26 MP: 3/6
  2097 | D:2      | Found a glowing golden altar of the Shining One.
  2307 | D:3      | Found a blossoming altar of Fedhas.
  2475 | D:3      | Found a hide-covered altar of Uskayaw.
  2476 | D:3      | Found an opulent altar of Gozag.
  2625 | D:4      | Found a sparkling altar of Nemelex Xobeh.
  2823 | D:4      | Found a sparkling altar of Nemelex Xobeh.
  2843 | D:4      | Reached XP level 6. HP: 30/30 MP: 7/7
  2910 | D:4      | You fall into a shaft and drop 3 floors!
  2989 | D:6      | Noticed Eustachio
  2990 | D:6      | Reached skill level 5 in Short Blades
  3005 | D:6      | Noticed an ice beast
  3008 | D:6      | Shot with an arrow by a centaur

Levels and vault maps discovered:
D:1:      dpeg_arrival_arbitrary_c, layout_loops_corners, minmay_ruptured
D:2:      layout_basic, tso_altar, cheibrodos_gnoll_hut
D:3:      layout_loops_ring, fedhas_altar_4, gammafunk_temple_overflow_statue,
          first_ration
D:4:      layout_loops_ring, yredelemnul_forgotten_temple_becter,
          nemelex_xobeh_ov_fountains_minmay, gammafunk_temple_overflow_elements,
          minmay_temple_entry_junction, serial_shops, shop, fountainhead,
          nemelex_spade_bored_becter
D:6:      layout_basic, kennysheep_little_box, uniq_eustachio
D:7:      layout_cave_pools, lemuel_round_altar, grunt_ogre_cave

Skill      XL: |  1  2  3  4  5  6 |
---------------+-------------------+-----
Stealth        | 5 6 |  6.2
Short Blades   | 2 3 4 5 |  5.3
Fighting       | |  1.8
Throwing       | |  1.8
Dodging        | |  0.7

Action                   |  1- 3 |  4- 6 || total
-------------------------+-------+-------++-------
Melee: Dagger            |    51 |   120 ||   171
       Bite              |    10 |    33 ||    43
       Short sword       |       |    30 ||    30
Throw: Dart              |       |    26 ||    26
  Use: Scroll            |       |     1 ||     1
 Stab: Sleeping          |    13 |    11 ||    24
       Distracted        |     1 |       ||     1
  Eat: Chunk             |       |     3 ||     3
       Ration            |       |     1 ||     1
Armor: Robe              |     8 |    36 ||    44
Dodge: Dodged            |    24 |    77 ||   101

Table legend:
 A = Non-vault XP
 B = Vault XP
 C = Vault XP percentage of total XP
 D = Non-vault monster count
 E = Vault monster count
 F = Vault count percentage of total count
                 A         B        C        D         E       F
            +---------+---------+-------+---------+---------+-------
      Total |     438 |      22 |   4.8 |      59 |       6 |   9.2
            +---------+---------+-------+---------+---------+-------
        D:1 |      53 |       6 |  10.2 |      18 |       4 |  18.2
        D:2 |     185 |      16 |   8.0 |      27 |       2 |   6.9
        D:3 |      19 |       0 |   0.0 |       5 |       0 |   0.0
        D:4 |      42 |       0 |   0.0 |       3 |       0 |   0.0
        D:6 |      90 |       0 |   0.0 |       2 |       0 |   0.0
        D:7 |      49 |       0 |   0.0 |       4 |       0 |   0.0
            +---------+---------+-------+---------+---------+-------
